 Dungeon Crawl Stone Soup version 0.30.0-13-g156ef70053 (webtiles) character file.

Game seed: 10639633971405411957

8 browni3141 the Firebug (level 2, 19/19 HPs)
             Began as a Demonspawn Fire Elementalist on May 17, 2023.
             Got out of the dungeon alive.
             The game lasted 00:00:21 (737 turns).

browni3141 the Firebug (DsFE)                        Turns: 737, Time: 00:00:21

Health: 19/19      AC:  2    Str:  8    XL:     2   Next: 0%
Magic:  5/5        EV: 12    Int: 16    God:
Gold:   22         SH:  0    Dex: 13    Spells: 4/5 levels left

rFire   . . .        s - +2 dagger (protect)
rCold   . . .        (no shield)
rNeg    . . .        a - +0 robe
rPois   .            (no helmet)
rElec   .            (no cloak)
rCorr   .            (no gloves)
SInv    .            (no boots)
Will    .....        (no amulet)
Stlth   ++           (no ring)
HPRegen 0.23/turn    (no ring)
MPRegen 0.09/turn

%: no passive effects
@: no status effects
A: spiny 1
a: no special abilities


You escaped.
You visited 1 branch of the dungeon, and saw 1 of its levels.

You collected 22 gold pieces.

Inventory:

Hand Weapons
 s - a +2 dagger of protection (weapon)
Armour
 a - a +0 robe (worn)
 t - a +0 pair of gloves
Scrolls
 r - 3 scrolls of vulnerability {unknown}
Potions
 m - a potion of magic
 n - a potion of haste {unknown}
 o - a potion of mutation {unknown}
 p - a potion of lignification {unknown}
 q - a potion of curing {unknown}


   Skills:
 + Level 1.9 Dodging
 + Level 2.0 Stealth
 + Level 2.1 Spellcasting
 + Level 1.2 Conjurations
 + Level 2.8 Fire Magic


You had 4 spell levels left.
You knew the following spells:

 Your Spells              Type           Power      Damage    Failure   Level
z - Foxfire               Conj/Fire      32%        2x1d5     9%          1

Your spell library contained the following spells:

 Spells                   Type           Power      Damage    Failure   Level
 Scorch                   Fire           20%        2d6       10%         2
 Sandblast                Erth           2%         2d4       21%         1
 Passwall                 Tmut/Erth      0%         N/A       30%         2
 Inner Flame              Hex/Fire       6%         N/A       34%         3
 Volatile Blastmotes      Fire/Tloc      12%        2d11      34%         3
 Stone Arrow              Conj/Erth      6%         3d7       43%         3
 Flame Wave               Conj/Fire      8%         2d5       65%         4


Dungeon Overview and Level Annotations

Branches:
Dungeon (1/15)

Altars:


Innate Abilities, Weirdness & Mutations

You are partially covered in sharp spines.


Message History

A kobold comes into view.
It is wielding a +2 dagger of protection.
A kobold is nearby!
A kobold is nearby!
A kobold is nearby!
You conjure some foxfire!
You miscast Foxfire.
You are very lightly contaminated with residual magic.
Nothing appears to happen.
The foxfire hits the kobold.
The kobold is severely wounded.
The foxfire hits the kobold but does no damage.
The kobold is severely wounded.
The kobold hits you with a +2 dagger of protection.
A kobold is nearby!
You conjure some foxfire!
The kobold hits you with a +2 dagger of protection.
The kobold attacks as you move away! The kobold misses you.
The foxfire hits the kobold.
You kill the kobold!
Your foxfire dissipates!
Things that are here:
a +2 dagger of protection; a kobold corpse Your +2 dagger of protection hums with potential!
s - a +2 dagger of protection (weapon)
Your magical contamination has completely faded away.
HP restored.
t - a +0 pair of gloves A ball python comes into view.
A ball python is nearby!
A ball python is nearby!
A ball python is nearby!
You conjure some foxfire!
The ball python hisses angrily.
You conjure some foxfire!
The foxfire hits the ball python.
You kill the ball python!
You miscast Foxfire.
You are very lightly contaminated with residual magic.
Nothing appears to happen.
You are out of magic!
You are out of magic!
Your foxfire dissipates!
Your magical contamination has completely faded away.
A quokka comes into view.
A quokka is nearby!
A quokka is nearby!
A quokka is nearby!
You hit the quokka.
Your weapon exudes an aura of protection.
The quokka is severely wounded.
The quokka bites you but does no damage. x2
You conjure some foxfire!
The quokka barely misses you.
You conjure some foxfire!
The foxfire hits the quokka but does no damage.
The quokka is heavily wounded.
The quokka barely misses you.
You conjure some foxfire!
The foxfire hits the quokka.
You kill the quokka!
You see here a quokka corpse.
Your foxfire dissipates!
Your foxfire dissipates!
A ball python comes into view.
The ball python hisses angrily.
A ball python is nearby!
A ball python is nearby!
A ball python is nearby!
A ball python is nearby!
You conjure some foxfire!
You conjure some foxfire!
The foxfire hits the ball python.
The ball python is moderately wounded.
A ball python comes into view.
The foxfire hits the ball python.
The ball python is severely wounded.
You conjure some foxfire!
The ball python hisses angrily.
The foxfire hits the ball python.
You kill the ball python!
You are out of magic!
The foxfire hits the ball python.
The ball python is moderately wounded.
The foxfire hits the ball python.
You kill the ball python!
Key pressed, stopping explore.
Your foxfire dissipates!
Key pressed, stopping explore.
You see here a ball python corpse.
Key pressed, stopping explore.
A frilled lizard comes into view.
The frilled lizard hisses angrily.
A frilled lizard is nearby!
A frilled lizard is nearby!
A frilled lizard is nearby!
You hit the frilled lizard.
Your weapon exudes an aura of protection.
You kill the frilled lizard!
Your Stealth skill increases to level 2!
You have reached level 2!
Your demonic ancestry asserts itself...
Sharp spines emerge from parts of your body.
There is a staircase leading out of the dungeon here.
Are you sure you want to leave the Dungeon?
This will make you lose the game!
You have escaped!

#........# ##.#
##.###### #........#
#.# ##...#....
###........# #.#
##...##.#.#
........#..# ###.##
##...###.#.#
#########.##
#....###...## #.#.#
........#.#
#.....#...## #.#.#
#######.#.#
#........## #...#
..... #.#.#
#........##########
..###.#...#
#.@................
..# #.#...#
#.........#########
..#
#.#...###############
# .)# #.............
.####..........##
....#.......##.#
....#.#......# #
##..#.#...####.#
##.#..........#


There were no monsters in sight!

Vanquished Creatures
  An endoplasm (D:1)
  A quokka (D:1)
  3 ball pythons (D:1)
  2 frilled lizards (D:1)
  A kobold (D:1)
  A rat (D:1)
9 creatures vanquished.

Vanquished Creatures (others)
  24 foxfires (D:1)
24 creatures vanquished.

Grand Total: 33 creatures vanquished

Notes
Turn   | Place    | Note
-------+----------+-------------------------------------------
     0 | D:1      | browni3141 the Demonspawn Fire Elementalist began the quest
                  | for the Orb.
     0 | D:1      | Reached XP level 1. HP: 13/13 MP: 3/3
   629 | D:1      | Gained mutation: You are partially covered in sharp spines.
                  | [demonic ancestry]
   629 | D:1      | Reached XP level 2. HP: 19/19 MP: 5/5
   737 | D:$      | Got out of the dungeon alive.

Illustrated notes

Levels and vault maps discovered:
D:1:      elethiomel_arrival_shortcut, layout_basic, dreamdust_wishing_well,
          minmay_shallow_snake_nest

Skill      XL: |  1 |
---------------+----+-----
Stealth        | 2 |  2.0
Dodging        | |  1.9
Spellcasting   | |  2.1
Conjurations   | |  1.2
Fire Magic     | |  2.8

Action                     || total
---------------------------++-------
  Melee: Dagger            ||     2
   Cast: Foxfire           ||    16
 Armour: Robe              ||     2
  Dodge: Dodged            ||     3
